 Dungeon Crawl Stone Soup version 0.24-a0-549-g45f0056d81 (webtiles) character file.

Game seed: 758022010258755322

31 Jannitor the Ducker (level 3, -2/19 HPs)
             Began as a Spriggan Abyssal Knight on Aug 19, 2019.
             Was a Follower of Lugonu.
             Killed from afar by Natasha (9 damage)
             ... with a magic dart
             ... on level 2 of the Dungeon.
             The game lasted 00:02:20 (1479 turns).

Jannitor the Ducker (Spriggan Abyssal Knight)       Turns: 1479, Time: 00:02:21

Health: -2/19      AC:  2    Str: 14    XL:     3   Next: 7%
Magic:  5/5        EV: 19    Int: 18    God:    Lugonu [*.....]
Gold:   120        SH:  0    Dex: 15    Spells: 2/2 levels left

rFire    . . .     SeeInvis +   g - +2 dagger (venom)
rCold    . . .     Gourm    .   (shield restricted)
rNeg     . . .     Faith    .   b - +0 robe
rPois    .         Spirit   .   (helmet restricted)
rElec    .         Reflect  .   (no cloak)
rCorr    .         Harm     .   (gloves unavailable)
MR       .....                  (boots unavailable)
Stlth    ++........             (no amulet)
HPRegen  0.06/turn              i - ring of flight
MPRegen  0.09/turn              (no ring)

@: mighty, brilliant, very quick
A: very small, unfitting armour, see invisible, herbivore, speed 3, slow
metabolism 2
a: Depart the Abyss, Renounce Religion, Evoke Flight


You were on level 2 of the Dungeon.
You worshipped Lugonu.
Lugonu was aware of your devotion.
You were not hungry.

You visited 1 branch of the dungeon, and saw 2 of its levels.
You visited the Abyss 1 time.

You collected 120 gold pieces.

Inventory:

Hand Weapons
 a - a +1 short sword
 g - a +2 dagger of venom (weapon)
 p - a +2 dagger of flaming
Missiles
 e - 77 arrows
 v - a throwing net (quivered)
Armour
 b - a +0 robe (worn)
Jewellery
 i - a ring of flight (left hand)
 l - an uncursed ring of fire {unknown}
Scrolls
 d - 2 scrolls of magic mapping
 h - 3 scrolls of blinking {unknown}
 j - a scroll of amnesia {unknown}
 k - a scroll of fog
 m - 2 scrolls of remove curse
 q - 3 scrolls of identify {unknown}
 u - a scroll of immolation {unknown}
Potions
 f - 2 potions of brilliance
 o - a potion of mutation {unknown}
 r - a potion of agility {unknown}
 s - 2 potions of flight {unknown}
 t - a potion of lignification {unknown}
 w - a potion of degeneration {unknown}
Comestibles
 c - 4 rations


   Skills:
 + Level 2.7 Fighting
 + Level 2.6 Short Blades
 + Level 4.2 Dodging
 + Level 1.9 Stealth
 - Level 1.8 Invocations


You had 2 spell levels left.
You didn't know any spells.
Your spell library was empty.

Dungeon Overview and Level Annotations

Branches:
Dungeon (2/15)

Altars:

Annotations:
D:2 Natasha


Innate Abilities, Weirdness & Mutations

You are very small and have problems with some larger weapons.
You are too small for most types of armour.
You have supernaturally acute eyesight. (SInv)
You are a herbivore.
You cover ground extremely quickly.
You need to consume almost no food.


Message History

c - 4 rations (gained 1)
w - an inky potion
Found a hunting sling.
e - 77 arrows (gained 18) Natasha, Servant of Life and Death comes into view.
She is carrying a wand of flame (15).
Natasha hisses angrily.
Natasha casts a spell at you. The magic dart hits you. Natasha misses you.
Found 2 grey potions.
You barely miss Natasha.
Natasha zaps a wand.
The puff of flame hits you!
You are too injured to fight recklessly!
It was a potion of brilliance.
You feel clever all of a sudden. Natasha misses you.
It was a potion of might.
You feel very mighty all of a sudden.
Natasha stares at you and mumbles some strange words.
The magic dart hits you!
You die...

#.....# #.# #.#####
####.#### #.# #..<....#
#.# #.......# #.#
######.......# #.#
#............# #.#
#.####.......# #.# ##.##
#.......## #.#
#@..###........# #.#
...!..h.)..........#.###
#.#
.######...####....##....
#.# ##.## #.#.###..#.
#.# #.# #........#. #.#
#.# #..#..##.#. ##.# #.#
#.....##.#. ...# .#
#..##.##.#. #..# ....
..##.#.


You could see Natasha.

Vanquished Creatures
  An adder (D:2)
  A worm (D:2)
  A giant cockroach (D:2)
  2 goblins (D:1)
  6 hobgoblins
  A bat (D:1)
  3 kobolds (D:1)
  4 rats
19 creatures vanquished.

Notes
Turn   | Place    | Note
-------+----------+-------------------------------------------
     0 | Abyss:1  | Jannitor the Spriggan Abyssal Knight began the quest for
                  | the Orb.
     0 | Abyss:1  | Reached XP level 1. HP: 11/11 MP: 3/3
   102 | Abyss:1  | Found a corrupted altar of Lugonu.
   109 | Abyss:1  | Found an ornate altar of the Wu Jian Council.
   114 | Abyss:1  | Noticed an insubstantial wisp
   151 | Abyss:1  | Noticed an ancient zyme
   161 | Abyss:1  | Noticed a small abomination
   172 | Abyss:1  | Noticed a small abomination
   185 | Abyss:1  | Noticed an apocalypse crab
   220 | Abyss:1  | Noticed a bone dragon
   235 | Abyss:1  | Noticed a quasit
   242 | Abyss:1  | Noticed a small abomination
   245 | Abyss:1  | Noticed a quasit
   261 | Abyss:2  | Noticed a raiju
   269 | Abyss:2  | Noticed a raiju
   270 | Abyss:2  | Noticed a raiju
   278 | Abyss:2  | Noticed a raiju
   279 | D:1      | Escaped the Abyss
   548 | D:1      | Reached skill level 1 in Stealth
   548 | D:1      | Reached XP level 2. HP: 16/16 MP: 4/4
   693 | D:1      | Reached * piety under Lugonu
  1105 | D:2      | Reached skill level 4 in Dodging
  1266 | D:2      | Reached XP level 3. HP: 12/19 MP: 5/5
  1473 | D:2      | Noticed Natasha
  1479 | D:2      | Killed from afar by Natasha

Levels and vault maps discovered:
D:1:      dpeg_arrival_castle, layout_basic, minmay_crystal_room,
          chequers_serial_rivers_small_b, grunt_decor_one_mirror
D:2:      layout_loops_ring, uniq_natasha

Skill      XL: |  1  2 |
---------------+-------+-----
Stealth        | 1 |  1.9
Dodging        | 4 |  4.2
Fighting       | |  2.7
Short Blades   | |  2.6
Invocations    | |  1.8

Action                   || total
-------------------------++-------
Melee: Dagger            ||    63
Invok: Depart the Abyss  ||     1
  Use: Scroll            ||     3
       Potion            ||     2
 Stab: Sleeping          ||     1
Armor: Robe              ||     4
Dodge: Dodged            ||    42

Table legend:
 A = Non-vault XP
 B = Vault XP
 C = Vault XP percentage of total XP
 D = Non-vault monster count
 E = Vault monster count
 F = Vault count percentage of total count
                 A         B        C        D         E       F
            +---------+---------+-------+---------+---------+-------
      Total |      45 |       0 |   0.0 |      19 |       0 |   0.0
            +---------+---------+-------+---------+---------+-------
        D:1 |      18 |       0 |   0.0 |      11 |       0 |   0.0
        D:2 |      27 |       0 |   0.0 |       8 |       0 |   0.0
            +---------+---------+-------+---------+---------+-------
